 Dungeon Crawl Stone Soup version 0.29.1-15-g9cfb28693d (webtiles) character file.

Game seed: 17548311517695193347

361 mikeweasel the Chopper (level 6, 0/55 HPs)
             Began as a Hill Orc Fighter on Feb 21, 2023.
             Slain by a gnoll sergeant
             ... wielding a +0 spear of freezing
              (1 damage)
             ... on level 5 of the Dungeon on Feb 22, 2023.
             The game lasted 00:15:05 (3337 turns).

mikeweasel the Chopper (Hill Orc Fighter)           Turns: 3337, Time: 00:15:06

Health: 0/55       AC: 13    Str: 21    XL:     6   Next: 66%
Magic:  6/6        EV:  7    Int:  8    God:
Gold:   173        SH:  5    Dex: 10    Spells: 5/5 levels left

rFire   + . .      SeeInvis .   a - +0 war axe
rCold   . . .      Faith    .   c - +1 buckler
rNeg    . . .      Spirit   .   i - +0 chain mail
rPois   +          Reflect  .   m - +0 helmet
rElec   .          Harm     .   (no cloak)
rCorr   .          Rampage  .   (no gloves)
Will    .....                   e - +1 pair of boots
Stlth   ..........              (no amulet)
HPRegen 0.18/turn               g - ring of poison resistance
MPRegen 0.10/turn               l - ring of protection from fire

@: mighty, on berserk cooldown, slowed, very slow
A: no striking features
a: no special abilities


You were on level 5 of the Dungeon.
You visited 1 branch of the dungeon, and saw 5 of its levels.

You collected 173 gold pieces.

Inventory:

Hand Weapons
 a - a +0 war axe (weapon)
 h - a +0 battleaxe
Armour
 c - a +1 buckler (worn)
 e - a +1 pair of boots (worn)
 i - a +0 chain mail (worn)
 m - a +0 helmet (worn)
Jewellery
 g - a ring of poison resistance (left hand)
 l - a ring of protection from fire (right hand)
Wands
 b - a wand of charming (7)
Scrolls
 f - 3 scrolls of fear
 j - a scroll of magic mapping {unknown}


   Skills:
 + Level 4.8 Fighting
 + Level 6.4 Axes
 + Level 4.6 Armour
 + Level 1.0 Dodging
 + Level 0.3 Stealth
 + Level 3.9 Shields


You had 5 spell levels left.
You didn't know any spells.
Your spell library contained the following spells:

 Spells                   Type           Power      Damage    Failure   Level
 Sandblast                Erth           0%         2d4       99%         1
 Blink                    Tloc           0%         N/A       100%        2
 Passwall                 Tmut/Erth      0%         N/A       100%        2
 Lesser Beckoning         Tloc           0%         N/A       100%        3
 Stone Arrow              Conj/Erth      0%         3d7       100%        3
 Manifold Assault         Tloc           0%         N/A       100%        5


Dungeon Overview and Level Annotations

Branches:
Dungeon (5/15)
 Temple: D:4-7

Altars:


Message History

* * * LOW HITPOINT WARNING * * *
The gnoll sergeant freezes you.
* * * LOW HITPOINT WARNING * * *
You barely miss the ufetubus.
The ufetubus is severely wounded.
The ufetubus hits you but does no damage.
You block the ufetubus's attack. The ufetubus barely misses you.
The ufetubus hits you but does no damage.
The gnoll sergeant hits you but does no damage.
You block the gnoll's attack.
You slash the ufetubus!
You kill the ufetubus!
You block the gnoll's attack.
The gnoll sergeant hits you from afar with a +0 spear of freezing.
* * * LOW HITPOINT WARNING * * *
The gnoll sergeant freezes you.
* * * LOW HITPOINT WARNING * * *
You feel a strong urge to attack something.
The gnoll closely misses you.
The gnoll sergeant hits you from afar with a +0 spear of freezing.
* * * LOW HITPOINT WARNING * * *
The gnoll sergeant freezes you.
* * * LOW HITPOINT WARNING * * *
You slice the gnoll!!
You kill the gnoll!
The gnoll sergeant hits you but does no damage.
You slash the gnoll!
You kill the gnoll!
You are no longer berserk.
You are exhausted.
You feel yourself slow down. You block the gnoll sergeant's attack.
The gnoll hits you with a +0 halberd.
* * * LOW HITPOINT WARNING * * *
Things that are here:
a +0 whip; a +0 spear; a gnoll corpse You feel very mighty all of a sudden.
The gnoll sergeant hits you with a +0 spear of freezing.
* * * LOW HITPOINT WARNING * * *
The gnoll sergeant freezes you.
You die...

..## ########.:.#
#..........##
#..<)...(.(..
+##........).#.
................
..............#<.
........#ggg...^.
#..####.#@#......
#.. #.#.#......
#. ..#.#...... #
#.#...... #.#
###.# #.# .# #.#
#.# #.#


You could see a gnoll sergeant and 2 gnolls.

Vanquished Creatures
  A hound (D:3)
  An iguana (D:4)
  3 orc wizards
  Robin (D:4)
  2 gnolls (D:5)
  8 adders
  2 ufetubi
  A worm (D:3)
  6 dart slugs
  8 orcs
  3 endoplasms
  3 giant cockroaches
  15 goblins
  11 hobgoblins
  A jackal (D:3)
  10 kobolds
  5 quokkas
  10 ball pythons
  6 bats
  A frilled lizard (D:1)
  4 rats
102 creatures vanquished.

Notes
Turn   | Place    | Note
-------+----------+-------------------------------------------
     0 | D:1      | mikeweasel the Hill Orc Fighter began the quest for the
                  | Orb.
     0 | D:1      | Reached XP level 1. HP: 19/19 MP: 1/1
    45 | D:1      | Reached XP level 2. HP: 20/27 MP: 2/2
   240 | D:1      | Reached skill level 3 in Axes
   451 | D:1      | Reached XP level 3. HP: 22/33 MP: 3/3
   646 | D:1      | Found a faded altar of an unknown god.
   905 | D:2      | Reached skill level 4 in Axes
   952 | D:2      | Reached XP level 4. HP: 33/40 MP: 4/4
  1023 | D:2      | You fall into a shaft and drop 1 floor!
  1437 | D:3      | Reached skill level 5 in Axes
  1437 | D:3      | Reached XP level 5. HP: 35/46 MP: 5/5
  2107 | D:4      | Reached XP level 6. HP: 34/53 MP: 6/6
  2248 | D:4      | Reached skill level 6 in Axes
  2780 | D:4      | Reached skill level 1 in Dodging
  2930 | D:4      | Noticed Robin
  2950 | D:4      | Killed Robin
  3307 | D:5      | Entered Level 5 of the Dungeon
  3336 | D:5      | HP: 2/55 [gnoll/+0 halberd[a gnoll sergeant] (6)]
  3337 | D:5      | Slain by a gnoll sergeant

Illustrated notes

Levels and vault maps discovered:
D:1:      scummos_arrival_simple_fountains, layout_basic,
          nicolae_ecumenical_snake_handling
D:2:      layout_basic, serial_shops, nicolae_shop_advertising_works
          [nicolae_subvault_shop_adworks]
D:3:      kennysheep_six_static_rooms, layout_rooms
D:4:      layout_loops_corners, uniq_robin
D:5:      layout_basic, kennysheep_mini_moat

Skill      XL: |  1  2  3  4  5  6 |
---------------+-------------------+-----
Axes           | 3 4 5 6 |  6.4
Fighting       | 4 |  4.8
Armour         | 4 |  4.6
Dodging        | 1 |  1.0
Stealth        | |  0.3
Shields        | |  3.9

Action                   |  1- 3 |  4- 6 || total
-------------------------+-------+-------++-------
Melee: War axe           |    80 |   227 ||   307
Throw: Throwing net      |       |     2 ||     2
       Dart              |       |     6 ||     6
  Use: Scroll            |     3 |     6 ||     9
       Potion            |       |     3 ||     3
 Stab: Invisible         |       |     2 ||     2
Armor: Scale mail        |    48 |    37 ||    85
       Chain mail        |       |   115 ||   115
Dodge: Dodged            |    43 |   108 ||   151
Block: Buckler           |    25 |    67 ||    92
